 Dungeon Crawl Stone Soup version 0.29.1-2-gbd0b4ee654 (webtiles) character file.

Game seed: 73928976336073138

20 cdecastro the Changer (level 2, -1/22 HPs)
             Began as a Demigod Transmuter on Nov 20, 2022.
             Frozen to death by an endoplasm (5 damage)
             ... on level 1 of the Dungeon.
             The game lasted 00:02:09 (857 turns).

cdecastro the Changer (Demigod Transmuter)           Turns: 857, Time: 00:02:09

Health: -1/22      AC:  2    Str: 11    XL:     2   Next: 42%
Magic:  6/7        EV: 12    Int: 15    God:
Gold:   4          SH:  0    Dex: 14    Spells: 3/4 levels left

rFire   . . .      SeeInvis .     - Unarmed
rCold   . . .      Faith    .   (no shield)
rNeg    . . .      Spirit   .   a - +0 robe
rPois   .          Reflect  .   (helmet currently unavailable)
rElec   .          Harm     .   (no cloak)
rCorr   .          Rampage  .   (no gloves)
Will    .....                   (boots currently unavailable)
Stlth   +.........              (no amulet)
HPRegen 0.07/turn               (no ring)
MPRegen 0.10/turn               (no ring)

@: appendages
A: horns 2, talons 2, high MP 1, forlorn, divine attributes
a: End Transformation


You were on level 1 of the Dungeon.
You had temporarily grown beastly horns and talons.
You visited 1 branch of the dungeon, and saw 1 of its levels.

You collected 4 gold pieces.

Inventory:

Armour
 a - a +0 robe (worn)
Scrolls
 d - a scroll of teleportation {unknown}
Potions
 b - a potion of lignification
 c - 2 potions of brilliance {unknown}


   Skills:
 - Level 0.8 Fighting
 - Level 1.7 Dodging
 - Level 2.6 Unarmed Combat
 - Level 1.7 Spellcasting
 + Level 2.9 Transmutations


You had 3 spell levels left.
You knew the following spells:

 Your Spells              Type           Power      Damage    Failure   Level
a - Beastly Appendage     Tmut           20%        N/A       7%          1

Your spell library contained the following spells:

 Spells                   Type           Power      Damage    Failure   Level
 Wereblood                Tmut           10%        N/A       10%         2
 Spider Form              Tmut/Pois      5%         N/A       36%         3
 Ice Form                 Ice/Tmut       5%         N/A       77%         4


Dungeon Overview and Level Annotations

Branches:
Dungeon (1/15)


Innate Abilities, Weirdness & Mutations

You have temporarily grown beastly horns and talons.
You have an increased reservoir of magic. (+10% MP)
You shall have no god before yourself.
Your divine heritage dramatically boosts your attributes as you level up.


Message History

You now have 4 gold pieces.
An endoplasm is nearby!
You barely miss the endoplasm. The endoplasm freezes you.
You are frozen.
You hit the endoplasm.
You kill the endoplasm!
A kobold comes into view. It is wielding a +0 dagger.
Found a stone staircase leading down.
The kobold shouts!
A kobold is nearby!
A kobold is nearby!
A kobold is nearby!
Found an escape hatch in the floor.
The kobold hits you but does no damage.
You closely miss the kobold. The kobold hits you with a +0 dagger.
An endoplasm comes into view.
A rat comes into view.
You closely miss the kobold. The kobold hits you with a +0 dagger.
The endoplasm quivers.
You hit the kobold but do no damage. The kobold barely misses you.
You hit the kobold.
The kobold is moderately wounded.
The kobold hits you with a +0 dagger. The endoplasm freezes you.
You are frozen.
* * * LOW HITPOINT WARNING * * *
The kobold attacks as you move away! The kobold hits you with a +0 dagger.
* * * LOW HITPOINT WARNING * * *
The endoplasm attacks as you move away! The endoplasm hits you.
* * * LOW HITPOINT WARNING * * *
The kobold throws a stone.
The stone misses you. The rat barely misses you.
The rat attacks as you move away! The rat barely misses you.
The endoplasm freezes you.
You are frozen.
* * * LOW HITPOINT WARNING * * *
Casting: Beastly Appendage (safe; 7% risk of failure)
Press: ? - help, Q - select action Dir - look around, f - activate You grow a pair of large bovine horns.
Your feet morph into talons.
The endoplasm freezes you.
You are frozen.
You die...

## ## ## ###.. .# ..
..#.# .# #######)#.###
## #.# ............# #.
..###♣.
.#####......###.#...>...
........................
...###....>.# #@#.#
............# ##J#.#
..#####...### #.r..#
....# #...# ###.#..#
.##.# #...# #...#....#
.##.# ##..###.###.....>#
.##.# #........#......#
.##.# ##.#####.#......#
.##.#####.# ..........


You could see an endoplasm and a rat.

Vanquished Creatures
  A bat (D:1)
  2 endoplasms (D:1)
  2 giant cockroaches (D:1)
  3 goblins (D:1)
  A hobgoblin (D:1)
  3 jackals (D:1)
  A ball python (D:1)
  2 kobolds (D:1)
  A rat (D:1)
16 creatures vanquished.

Vanquished Creatures (others)
  11 plants (D:1)
11 creatures vanquished.

Grand Total: 27 creatures vanquished

Notes
Turn   | Place    | Note
-------+----------+-------------------------------------------
     0 | D:1      | cdecastro the Demigod Transmuter began the quest for the
                  | Orb.
     0 | D:1      | Reached XP level 1. HP: 15/15 MP: 5/5
   397 | D:1      | Reached XP level 2. HP: 8/22 MP: 5/7
   857 | D:1      | Frozen to death by an endoplasm

Illustrated notes

Levels and vault maps discovered:
D:1:      dpeg_arrival_prison, layout_loops_ring, serial_forest,
          infiniplex_forest_straight_2, infiniplex_forest_clump_small,
          infiniplex_forest_straight_3, infiniplex_forest_clump_medium,
          infiniplex_forest_clump_small, infiniplex_forest_clump_curved,
          infiniplex_forest_clump_curved, infiniplex_forest_clump_medium,
          infiniplex_forest_end_2

Skill      XL: |  1 |
---------------+----+-----
Transmutations | 2 |  2.9
Fighting       | |  0.8
Dodging        | |  1.7
Unarmed Combat | |  2.6
Spellcasting   | |  1.7

Action                   || total
-------------------------++-------
Melee: Unarmed           ||    61
       Kick              ||     4
       Headbutt          ||     3
       Punch             ||     1
 Cast: Beastly Appendage ||     5
 Stab: Sleeping          ||     1
Armor: Robe              ||     9
Dodge: Dodged            ||    35
